AoeStats
← HAKUNA MATATA

Arena

504264850Analyzed
4v4 RM · 28d ago on Sep 4, 2026· 46m 39s· 8 players
Game mode
Random Map
Map size
Large (8 player)
Population
200
Speed
Normal
Resources
Standard
Victory
Conquest
Starting age
Dark Age
Ending age
Imperial Age
RankedLock teamsTeams togetherTeam positionsShared explorationLock speedFull tech treeHidden civsTurbo modeCheats
Victory
Defeat
🇮🇳 Bohemians · India
1637
+6
🇭🇰 Britons · Hong Kong SAR China
1403
+16
🇦🇷 Franks · Argentina
1390
+16
🇹🇷 Bengalis · Türkiye
1263
+21
🇨🇿 Lithuanians · Czechia
1403
-15
🇹🇼 Mongols · Taiwan
1399
-15
🇨🇴 Bohemians · Colombia
1396
-15
🇹🇼 Malay · Taiwan
1377
-14
好好好吃蛋餅
12:19 Feudal Age
13:36 Loom
16:28 Castle Age
14:26 Double-Bit Axe
14:22 Horse Collar
14:46 Stone Mining
15:08 Fletching
15:38 Gold Mining
17:27 Bodkin Arrow
17:47 Bow Saw
23:33 Wheelbarrow
23:35 Padded Archer Armor
25:55 Heavy Plow
28:46 Ballistics
29:19 Town Watch
29:53 Hand Cart
30:03 Scale Barding Armor
35:19 Imperial Age
33:12 Caravan
33:53 Gold Shaft Mining
33:52 Chain Barding Armor
34:18 Leather Archer Armor
34:49 Forging
35:01 Bloodlines
34:52 Husbandry
34:27 Light Cavalry
36:18 Bracer
35:42 Heavy Camel Rider
37:03 Iron Casting
36:50 Conscription
37:24 Stone Shaft Mining
39:25 Blast Furnace
38:45 Capped Ram
41:03 Chemistry
41:54 Drill
magor*
7:16 Loom
9:53 Feudal Age
12:54 Horse Collar
12:59 Double-Bit Axe
17:06 Castle Age
16:02 Stone Mining
20:07 Gold Mining
20:58 Bow Saw
27:37 Imperial Age
25:03 Fletching
26:00 Fortified Wall
26:18 Heavy Plow
26:59 Masonry
28:37 Wheelbarrow
29:21 Chemistry
31:22 Architecture
33:08 Conscription
35:34 Two-Man Saw
36:12 Scale Barding Armor
36:59 Forging
37:15 Chain Barding Armor
38:19 Hand Cart
38:57 Husbandry
39:51 Plate Barding Armor
39:53 Iron Casting
39:59 Bloodlines
39:11 Light Cavalry
42:14 Winged Hussar
43:43 Bodkin Arrow
43:59 Town Watch
44:55 Ballistics
ivandario67
11:06 Feudal Age
14:51 Castle Age
12:39 Horse Collar
12:49 Double-Bit Axe
13:09 Horse Collar
15:50 Bow Saw
15:42 Heavy Plow
21:21 Wheelbarrow
22:45 Fervor
23:14 Pikeman
24:53 Hand Cart
28:47 Imperial Age
26:10 Fletching
26:30 Crossbowman
27:33 Bodkin Arrow
27:38 Padded Archer Armor
28:05 Ballistics
28:45 Chemistry
28:30 Loom
29:14 Leather Archer Armor
29:44 Bracer
29:06 Arbalester
29:41 Elite Skirmisher
32:32 Ring Archer Armor
32:21 Scale Mail Armor
32:32 Forging
31:44 Pikeman
32:25 Squires
32:36 Halberdier
36:52 Chain Mail Armor
37:13 Iron Casting
38:51 Two-Man Saw
37:41 Houfnice
40:16 Coinage
40:53 Plate Mail Armor
42:08 Banking
43:32 Blast Furnace
43:32 Siege Engineers
2手下留情1
5:11 Loom
12:36 Feudal Age
16:35 Castle Age
16:35 Double-Bit Axe
17:17 Horse Collar
20:36 Scale Barding Armor
22:29 Husbandry
22:54 Gold Mining
24:13 Devotion
25:52 Forging
27:11 Wheelbarrow
26:22 Town Watch
34:58 Imperial Age
32:46 Hand Cart
33:17 Iron Casting
33:46 Onager
35:40 Gold Shaft Mining
37:45 Blast Furnace
36:19 Elite Skirmisher
37:43 Fletching
40:05 Bodkin Arrow
41:11 Conscription
HAKUNA MATATA
11:07 Feudal Age
14:39 Castle Age
12:54 Horse Collar
13:31 Double-Bit Axe
15:38 Bow Saw
15:38 Heavy Plow
24:23 Padded Archer Armor
24:13 Fletching
28:47 Imperial Age
26:03 Loom
26:53 Wheelbarrow
26:04 Town Watch
26:58 Gold Mining
26:59 Stone Mining
30:57 Elite Elephant Archer
32:49 Leather Archer Armor
32:30 Bodkin Arrow
33:17 Ballistics
34:01 Chemistry
34:30 Ring Archer Armor
34:30 Bracer
43:35 Conscription
46:24 Two-Man Saw
45:57 Crop Rotation
46:04 Gold Shaft Mining
46:54 Hand Cart
Bear
11:42 Feudal Age
16:11 Castle Age
15:14 Double-Bit Axe
15:21 Fletching
25:26 Wheelbarrow
30:11 Imperial Age
27:27 Loom
27:28 Town Watch
29:35 Hand Cart
31:19 Scale Barding Armor
31:24 Forging
31:30 Cavalier
32:11 Husbandry
32:33 Chain Barding Armor
35:15 Iron Casting
37:38 Elite Skirmisher
39:19 Plate Barding Armor
39:45 Blast Furnace
38:46 Padded Archer Armor
38:41 Bodkin Arrow
41:43 Ballistics
41:20 Murder Holes
41:16 Paladin
43:32 Scale Mail Armor
43:48 Leather Archer Armor
302
11:43 Feudal Age
15:25 Castle Age
13:12 Horse Collar
13:51 Double-Bit Axe
16:28 Bow Saw
22:07 Wheelbarrow
22:30 Loom
26:57 Imperial Age
24:32 Gold Mining
25:28 Heavy Plow
25:21 Fletching
25:42 Padded Archer Armor
25:50 Town Watch
26:01 Bodkin Arrow
26:32 Ballistics
27:40 Hand Cart
28:06 Bracer
28:51 Elite Longbowman
30:04 Leather Archer Armor
31:00 Chemistry
31:20 Leather Archer Armor
31:35 Warwolf
33:10 Ring Archer Armor
34:05 Yeomen
34:05 Conscription
35:09 Two-Man Saw
34:01 Stone Mining
36:25 Man-at-Arms
36:50 Gambesons
37:05 Squires
36:51 Arson
37:07 Scale Mail Armor
37:17 Forging
37:14 Siege Engineers
37:19 Masonry
38:22 Chain Mail Armor
37:29 Long Swordsman
40:10 Hoardings
40:06 Architecture
39:17 Treadmill Crane
39:32 Murder Holes
39:24 Two-Handed Swordsman
39:59 Champion
40:26 Pikeman
42:15 Plate Mail Armor
42:21 Iron Casting
45:04 Halberdier
NoisyBuoy
10:09 Feudal Age
14:04 Castle Age
12:27 Double-Bit Axe
12:50 Horse Collar
15:03 Bow Saw
20:01 Loom
20:59 Wheelbarrow
21:54 Fervor
22:18 Hand Cart
23:57 Loom
25:35 Heavy Plow
29:52 Imperial Age
29:11 Chemistry
29:09 Sanctity
29:04 Heavy Plow
29:22 Wagenburg Tactics
29:56 Scale Mail Armor
29:58 Pikeman
30:39 Squires
30:56 Block Printing
31:08 Conscription
30:32 Treadmill Crane
31:15 Caravan
31:41 Chain Mail Armor
30:48 Halberdier
32:40 Town Watch
33:44 Plate Mail Armor
34:20 Ballistics
34:54 Elite Hussite Wagon
36:11 Forging
35:53 Fletching
36:15 Guilds
35:34 Houfnice
36:05 Arson
37:36 Iron Casting
37:35 Siege Engineers
39:57 Blast Furnace
38:53 Bodkin Arrow
39:37 Coinage
41:10 Masonry
40:57 Murder Holes
41:31 Bracer
42:07 Banking
43:10 Town Patrol
Connection lost

Rejoining the realm…

Still unreachable

The connection could not be restored.

Session expired

The server has moved on; the page needs a fresh start.